 Dungeon Crawl Stone Soup version 0.17.2 (webtiles) character file.

293 Nekros the Magician (level 6, -4/32 HPs)
             Began as a Deep Elf Wizard on June 2, 2016.
             Killed from afar by an orc wizard (6 damage)
             ... with a magic dart
             ... on level 3 of the Dungeon.
             The game lasted 00:15:24 (2361 turns).

Nekros the Magician (Deep Elf Wizard)               Turns: 2361, Time: 00:15:24

Health: -4/32      AC:  2    Str:  4    XL:     6   Next: 11%
Magic:  11/18      EV: 12    Int: 25    God:
Gold:   116        SH:  0    Dex: 13    Spells: 5 memorised, 9 levels left

rFire  . . .     SeeInvis .     l - +0 whip (flame)
rCold  . . .     Clarity  .     a - +0 robe
rNeg   . . .     SustAt   .     (no shield)
rPois  .         Gourm    .     b - +0 hat
rElec  .         Spirit   .     (no cloak)
rCorr  .         Warding  .     (no gloves)
rMut   .         Stasis   .     (no boots)
MR     .....                    (no amulet)
Stlth  ++........               (no ring)
                                (no ring)

@: very slightly contaminated, slowed, very slow, not resistant to hostile
enchantments, unstealthy
A: no striking features
a: no special abilities


You were on level 3 of the Dungeon.
You were not hungry.

You visited 1 branch of the dungeon, and saw 3 of its levels.

You collected 116 gold pieces.

Inventory:

Hand Weapons
 g - a +0 scythe
 k - a +0 dagger
 l - a +0 whip of flaming (weapon)
 t - a +1 dagger of draining
 w - a +0 vampiric dagger
Missiles
 n - 37 arrows
Armour
 a - a +0 robe (worn)
 b - a +0 hat (worn)
 i - a +0 robe
Scrolls
 e - a scroll of remove curse {unknown}
 h - a scroll of noise {unknown}
 o - a scroll of teleportation {unknown}
 r - 2 scrolls of identify {unknown}
Potions
 j - a potion of berserk rage {unknown}
 m - a potion of brilliance
 p - a potion of degeneration {unknown}
 q - a potion of poison {unknown}
 s - a potion of cancellation {unknown}
Books
 c - a book of Minor Magic

   Spells                             Type                      Level
   a - Magic Dart                     Conjuration                  1
   b - Blink                          Translocation                2
   c - Call Imp                       Summoning                    2
   d - Repel Missiles                 Charms/Air                   2
   e - Slow                           Hexes                        2
   f - Conjure Flame                  Conjuration/Fire             3
   g - Mephitic Cloud                 Conjuration/Poison/Air       3
Comestibles
 d - 2 bread rations
 f - a royal jelly
 u - 4 fruits
 v - a slice of pizza


   Skills:
 - Level 2.4 Dodging
 - Level 2.4 Stealth
 - Level 7.5 Spellcasting
 + Level 4.5 Conjurations
 - Level 1.1 Summonings
 - Level 1.1 Translocations


You had 9 spell levels left.
You knew the following spells:

 Your Spells              Type           Power        Failure   Level  Hunger
a - Magic Dart            Conj           ####         1%          1    None
b - Blink                 Tloc           N/A          10%         2    None
c - Call Imp              Summ           ##......     10%         2    None
d - Conjure Flame         Conj/Fire      ###.....     10%         3    None
e - Mephitic Cloud        Conj/Pois/Air  ###.....     12%         3    None


Dungeon Overview and Level Annotations

Branches:
Dungeon (3/15)

Altars:

Annotations:
D:3 Jessica


Message History

The orc wizard blinks!
The orc wizard barely misses you. The orc wizard hits you with a dagger.
The orc wizard hits you with a dagger.
Jessica shouts, "You're disturbing me!
I'll have to kill you!" The orc wizard hits you with a dagger.
Jessica points at you and mumbles some strange words.
Pain shoots through your body!
* * * LOW HITPOINT WARNING * * *
The orc wizard hits you but does no damage.
Jessica gestures wildly while chanting.
Jessica blinks!
The orc wizard points at you and mumbles some strange words.
You feel yourself slow down.
Jessica casts a spell.
Jessica blinks!
The orc wizard hits you with a dagger.
* * * LOW HITPOINT WARNING * * *
The orc wizard points at you and mumbles some strange words.
The magic dart hits you!
You die...

# #.........(###.... #.
#...####..#..... .#
#.########......(..(....####..
.#...##.....######((......#....
%..)..#.#########.(.....÷...#
.#......####).)((..........##
###(##...((.#[##..........#
#.##...)###o##..#.......#
#.......§..o.@..........##
...........................#
..........#.......##.......#
........@.....#..###.......#.
................####.........#
...................<..........
...........<.........##.###..#
.
...........#.......##[##......
...#....##.#.>###..


You could see an orc wizard, Jessica and an orc.

Vanquished Creatures
  The ghost of Krovax the Bolt Thrower, a weakling HEHu of Cheibriados (D:3)
  A crimson imp (D:3)
  An orc wizard (D:3)
  5 adders
  An ooze (D:2)
  A worm (D:3)
  A giant gecko (D:2)
  5 orcs (D:3)
  A ball python (D:3)
  2 giant cockroaches
  6 hobgoblins
  9 jackals
  8 kobolds
  2 bats (D:1)
  A giant newt (D:1)
  5 goblins
  9 rats
59 creatures vanquished.

Vanquished Creatures (collateral kills)
  Sigmund (D:2)
  A goblin (D:2)
2 creatures vanquished.

Grand Total: 61 creatures vanquished

Notes
Turn   | Place    | Note
--------------------------------------------------------------
     0 | D:1      | Nekros the Deep Elf Wizard began the quest for the Orb.
     0 | D:1      | Reached XP level 1. HP: 10/10 MP: 7/7
    81 | D:1      | Reached skill level 5 in Spellcasting
    81 | D:1      | Reached XP level 2. HP: 13/15 MP: 5/10
    85 | D:1      | Learned a level 2 spell: Blink
    88 | D:1      | Learned a level 2 spell: Call Imp
   789 | D:2      | Reached skill level 6 in Spellcasting
   789 | D:2      | Reached XP level 3. HP: 7/19 MP: 6/12
   831 | D:2      | Learned a level 3 spell: Conjure Flame
   837 | D:2      | Learned a level 3 spell: Mephitic Cloud
   838 | D:2      | Noticed Sigmund
   875 | D:2      | Killed Sigmund
   875 | D:2      | Reached skill level 7 in Spellcasting
   875 | D:2      | Reached XP level 4. HP: 5/24 MP: 7/15
  1427 | D:2      | Reached XP level 5. HP: 28/28 MP: 11/17
  2043 | D:3      | Noticed Krovax's ghost (weakling HEHu)
  2081 | D:3      | Killed Krovax's ghost
  2343 | D:3      | Reached XP level 6. HP: 22/32 MP: 11/18
  2345 | D:3      | Noticed Jessica
  2361 | D:3      | Killed from afar by an orc wizard

Action                   |  1- 3 |  4- 6 || total
-------------------------+-------+-------++-------
Melee: Unarmed           |     8 |       ||     8
       Dagger            |     7 |       ||     7
       Whip              |       |    37 ||    37
 Cast: Magic Dart        |    46 |   103 ||   149
       Call Imp          |     4 |     2 ||     6
       Conjure Flame     |       |     1 ||     1
       Blink             |       |     1 ||     1
  Use: Potion            |     3 |     1 ||     4
 Stab: Sleeping          |       |     1 ||     1
  Eat: Bread ration      |       |     1 ||     1
